 Dungeon Crawl Stone Soup version 0.17-a0-2122-g03d97ec (webtiles) character file.

230 Maka the Insei (level 5, -6/40 HPs)
             Began as a Draconian Transmuter on Oct 21, 2015.
             Mangled by a wight
             ... wielding a +1 great sword
              (15 damage)
             ... on level 2 of the Dungeon.
             The game lasted 00:04:35 (2907 turns).

Maka the Insei (Draconian Transmuter)               Turns: 2907, Time: 00:04:35

Health: -6/40      AC:  6    Str: 12    XL:     5   Next: 72%
Magic:  3/8        EV: 11    Int: 16    God:
Gold:   131        SH:  0    Dex: 12    Spells: 3 memorised, 2 levels left

rFire  . . .     SeeInvis .       - Unarmed
rCold  . . .     Clarity  .     (armour unavailable)
rNeg   . . .     SustAt   .     (no shield)
rPois  .         Gourm    .     (helmet restricted)
rElec  .         Spirit   .     (no cloak)
rCorr  .         Warding  .     (no gloves)
rMut   .         Stasis   .     g - +0 pair of boots
MR     .....                    (no amulet)
Stlth  +.........               i - +2 ring of intelligence
                                s - ring of wizardry

@: appendage, drained, not resistant to hostile enchantments, very unstealthy
A: unfitting armour, horns 2, cold-blooded, AC +5
a: End Transformation


You were on level 2 of the Dungeon.
You were not hungry.
You had grown temporary horns.
You visited 1 branch of the dungeon, and saw 3 of its levels.

You collected 131 gold pieces.

Inventory:

Missiles
 a - 19 arrows
 j - 4 throwing nets (quivered)
Armour
 g - a +0 pair of boots (worn)
Jewellery
 i - a +2 ring of intelligence (right hand)
 s - a ring of wizardry (left hand)
Scrolls
 d - a scroll of fog {unknown}
 e - 6 scrolls of identify {unknown}
 k - 2 scrolls of amnesia {unknown}
 m - a scroll of enchant armour {unknown}
 o - a scroll of magic mapping {unknown}
 q - a scroll of noise {unknown}
 u - a scroll of teleportation {unknown}
Potions
 h - 2 potions of curing {unknown}
 l - a potion of poison {unknown}
 n - a potion of lignification {unknown}
 p - a potion of degeneration {unknown}
 r - a potion of agility {unknown}
 t - a potion of brilliance {unknown}
Books
 b - a book of Changes

   Spells                             Type                      Level
   a - Beastly Appendage              Transmutation                1
   b - Sticks to Snakes               Transmutation                2
   c - Spider Form                    Transmutation/Poison         3
   d - Ice Form                       Ice/Transmutation            4
   e - Blade Hands                    Transmutation                5
Comestibles
 c - 2 bread rations
 f - 2 meat rations


   Skills:
 - Level 1.1(0.1) Fighting
 - Level 1.7(0.7) Dodging
 + Level 6.5(5.3) Unarmed Combat
 - Level 2.0(0.9) Spellcasting
 - Level 2.0(0.9) Transmutations


You had 2 spell levels left.
You knew the following spells:

 Your Spells              Type           Power        Failure   Level  Hunger
a - Beastly Appendage     Trmt           #.....       7%          1    ##.....
b - Sticks to Snakes      Trmt           #.........   10%         2    ###....
c - Spider Form           Trmt/Pois      #.........   32%         3    ####...


Dungeon Overview and Level Annotations

Branches:
Dungeon (3/15)

Altars:


Innate Abilities, Weirdness & Mutations

Your plain brown scales are hard (AC +5).
Your body does not fit into most forms of armour.
You are cold-blooded and may be slowed by cold attacks.
You have a pair of horns on your head.


Message History

You create a snake!
The wight barely misses you.
Your adder closely misses the wight.
Casting: Sticks to Snakes
Confirm with . or Enter, or press ? or * to list all spells.
You grow a pair of large bovine horns.
Your ball python barely misses the wight. x2
You completely miss the wight.
The wight hits you with an enchanted great sword!
* * * LOW HITPOINT WARNING * * *
Your adder barely misses the wight.
Your ball python closely misses the wight.
Your ball python barely misses the wight.
Unknown command.
You hit the wight.
The wight is heavily damaged.
Your adder barely misses the wight.
Your ball python closely misses the wight.
Your ball python grabs the wight.
Your ball python constricts the wight.
The wight hits you with an enchanted great sword!
You die...

#.....##
#.......#.##.........#
#......#
##.#.[..#.###.########
#......# #.#....#)# #.#
#......# #.#....#.# #.####
#..<...# #.#.(..#.# #....#
#......# #......'.# #....#
#......# ###.(S.### #....#
##.....#######..zS..###.)..#
#........()(..@........####
#.....##########...#####
##.#.## #...# ####.#.# #...#
.....#.# #...# ######.#
#...# †......# #...#
.####### ##### .#


You could see a wight, a friendly adder and a friendly ball python.

Vanquished Creatures
  2 wights
  A hound (D:3)
  5 adders
  3 worms
  2 giant geckos (D:2)
  5 orcs
  3 ball pythons (D:2)
  4 giant cockroaches
  4 goblins
  9 hobgoblins
  7 kobolds
  A quokka (D:2)
  7 bats
  2 giant newts
  6 rats
61 creatures vanquished.

Notes
Turn   | Place    | Note
--------------------------------------------------------------
     0 | D:1      | Maka the Draconian Transmuter began the quest for the Orb.
     0 | D:1      | Reached XP level 1. HP: 16/16 MP: 3/3
   404 | D:1      | Reached XP level 2. HP: 23/23 MP: 5/5
   784 | D:2      | Reached skill level 4 in Unarmed Combat
   962 | D:2      | Reached XP level 3. HP: 26/28 MP: 4/6
  1381 | D:2      | Learned a level 2 spell: Sticks to Snakes
  1502 | D:2      | Reached XP level 4. HP: 27/35 MP: 5/7
  1525 | D:2      | Reached skill level 5 in Unarmed Combat
  1535 | D:2      | Learned a level 3 spell: Spider Form
  2104 | D:3      | Found a faded altar to an unknown god.
  2157 | D:3      | Reached XP level 5. HP: 28/40 MP: 6/8
  2251 | D:3      | Reached skill level 6 in Unarmed Combat
  2907 | D:2      | Mangled by a wight

Vault maps used:
D:1:      zelgadis_glass_arrival_small
D:3:      first_bread, ecumenical_altar_1, uniq_crazy_yiuf_cottage

Action                   |  1- 3 |  4- 6 || total
-------------------------+-------+-------++-------
Melee: Unarmed           |   137 |    99 ||   236
 Cast: Beastly Appendage |     4 |     7 ||    11
       Sticks to Snakes  |       |     4 ||     4
 Stab: Sleeping          |       |     1 ||     1
  Eat: Chunk             |     2 |     2 ||     4
       Pizza             |     1 |     1 ||     2
